[ AOE2 MATCH · #478936163 ]
Team RMArmenians vs Bulgarians
[ REPLAY ANALYSIS · EXTRACTED FROM THE RECORDED GAME ]
Feudal
13:24
Castle
17:21
Imperial
31:37
| APM avg | 40.1 |
| APM peak | 63 |
| eAPM avg | 21.6 |
| Villagers / military | 100 / 55 |
Focus
⚔️ 33.1% · 🌾 66.9%
Fishing Ship ×37 · Composite Bowman ×27 · Galley ×20 · Scorpion ×3 · Trebuchet (Packed) ×3 · Warrior Priest ×2
Feudal
25:33
Castle
31:59
Imperial
—
| APM avg | 27.4 |
| APM peak | 59 |
| eAPM avg | 11.7 |
| Villagers / military | 49 / 0 |
Focus
⚔️ 18.8% · 🌾 81.2%
Fishing Ship ×6
Feudal
13:10
Castle
19:20
Imperial
—
| APM avg | 47.5 |
| APM peak | 88 |
| eAPM avg | 25.8 |
| Villagers / military | 58 / 27 |
Focus
⚔️ 34.0% · 🌾 66.0%
War Wagon ×20 · Fishing Ship ×9 · Monk ×2 · Spearman ×2 · Fire Lancer ×2 · Fire Galley ×1
Feudal
14:42
Castle
18:17
Imperial
—
| APM avg | 36.8 |
| APM peak | 84 |
| eAPM avg | 17.2 |
| Villagers / military | 103 / 37 |
Focus
⚔️ 31.4% · 🌾 68.6%
Bolas Rider ×31 · Fishing Ship ×7 · Mangonel ×5 · Monk ×1
Feudal
11:38
Castle
29:35
Imperial
—
| APM avg | 40.8 |
| APM peak | 75 |
| eAPM avg | 19.0 |
| Villagers / military | 62 / 40 |
Focus
⚔️ 45.8% · 🌾 54.2%
Archer ×36 · Fishing Ship ×7 · Knight ×2 · Scout Cavalry ×2
Feudal
14:31
Castle
19:31
Imperial
—
| APM avg | 34.6 |
| APM peak | 70 |
| eAPM avg | 16.6 |
| Villagers / military | 62 / 9 |
Focus
⚔️ 27.6% · 🌾 72.4%
Fishing Ship ×9 · Mangonel ×8 · Scorpion ×1
Feudal
13:00
Castle
17:26
Imperial
—
| APM avg | 48.3 |
| APM peak | 84 |
| eAPM avg | 28.4 |
| Villagers / military | 123 / 51 |
Focus
⚔️ 37.8% · 🌾 62.2%
Knight ×32 · Fishing Ship ×18 · Monk ×10 · Mangonel ×4 · Scout Cavalry ×3 · Magyar Huszar ×2
Feudal
13:19
Castle
21:30
Imperial
33:53
| APM avg | 39.4 |
| APM peak | 85 |
| eAPM avg | 24.1 |
| Villagers / military | 111 / 8 |
Focus
⚔️ 23.2% · 🌾 76.8%
Fishing Ship ×12 · Spearman ×8
Match map
Initial resources + every placement click. Lines = walls · curves = elevation contours. ◆ gold · ⬟ stone · ● berries · ✦ relic · ◌ wall gap
Inputs per minute
— robo_boro - - Heavenly Yours
Build order — robo_boro
First 150 of 290 actions detected
| 0:17 | Build | Town Center |
| 0:58 | Build | House |
| 2:00 | Build | Dock |
| 2:01 | Build | Palisade Wall |
| 2:40 | Create | Villager (Male) |
| 2:40 | Create | Villager (Male) |
| 2:40 | Create | Villager (Male) |
| 2:40 | Create | Villager (Male) |
| 2:40 | Create | Villager (Male) |
| 2:40 | Create | Villager (Male) |
| 2:40 | Create | Villager (Male) |
| 3:37 | Create | Fishing Ship |
| 4:17 | Create | Villager (Male) |
| 4:18 | Create | Villager (Male) |
| 4:18 | Create | Villager (Male) |
| 4:36 | Build | House |
| 4:40 | Create | Villager (Male) |
| 4:40 | Create | Villager (Male) |
| 5:01 | Create | Villager (Male) |
| 5:01 | Create | Villager (Male) |
| 5:31 | Create | Villager (Male) |
| 5:31 | Create | Villager (Male) |
| 5:33 | Create | Fishing Ship |
| 5:52 | Create | Villager (Male) |
| 5:52 | Create | Villager (Male) |
| 6:00 | Build | House |
| 6:18 | Create | Villager (Male) |
| 6:18 | Create | Villager (Male) |
| 6:18 | Create | Villager (Male) |
| 6:34 | Create | Fishing Ship |
| 6:42 | Create | Villager (Male) |
| 6:42 | Create | Villager (Male) |
| 6:49 | Build | House |
| 7:07 | Create | Fishing Ship |
| 7:11 | Research | Loom |
| 7:23 | Build | House |
| 7:37 | Create | Villager (Male) |
| 7:37 | Create | Villager (Male) |
| 7:55 | Create | Fishing Ship |
| 7:58 | Create | Villager (Male) |
| 7:58 | Create | Villager (Male) |
| 8:24 | Build | Dock |
| 8:25 | Create | Villager (Male) |
| 8:26 | Create | Villager (Male) |
| 8:50 | Create | Fishing Ship |
| 8:57 | Create | Villager (Male) |
| 8:57 | Create | Villager (Male) |
| 8:57 | Create | Villager (Male) |
| 9:02 | Build | House |
| 9:17 | Create | Fishing Ship |
| 9:19 | Create | Fishing Ship |
| 9:36 | Create | Fishing Ship |
| 9:36 | Create | Fishing Ship |
| 9:39 | Create | Villager (Male) |
| 9:39 | Create | Villager (Male) |
| 9:39 | Create | Villager (Male) |
| 9:54 | Create | Fishing Ship |
| 10:31 | Create | Fishing Ship |
| 10:34 | Build | House |
| 10:44 | Build | Mule Cart |
| 11:09 | Create | Fishing Ship |
| 11:10 | Create | Fishing Ship |
| 11:14 | Research | Feudal Age |
| 11:15 | Research | Feudal Age |
| 11:38 | Create | Villager (Male) |
| 11:38 | Create | Villager (Male) |
| 12:22 | Build | House |
| 12:34 | Create | Villager (Male) |
| 12:47 | Create | Fishing Ship |
| 12:47 | Create | Fishing Ship |
| 12:52 | Build | House |
| 13:24 | Age | Feudal Age |
| 13:34 | Build | Mill |
| 13:38 | Build | Blacksmith |
| 14:00 | Build | Market |
| 14:04 | Create | Villager (Male) |
| 14:26 | Create | Galley |
| 14:34 | Research | Double-Bit Axe |
| 14:35 | Research | Double-Bit Axe |
| 14:41 | Research | Castle Age |
| 14:52 | Create | Galley |
| 14:52 | Create | Galley |
| 15:12 | Create | Galley |
| 15:13 | Create | Villager (Male) |
| 15:19 | Build | House |
| 15:20 | Build | House |
| 15:42 | Create | Galley |
| 15:46 | Research | Fletching |
| 15:47 | Research | Fletching |
| 16:05 | Create | Galley |
| 16:23 | Create | Villager (Male) |
| 16:26 | Create | Galley |
| 16:26 | Create | Galley |
| 16:54 | Create | Villager (Male) |
| 16:56 | Build | House |
| 16:56 | Build | House |
| 17:11 | Create | Galley |
| 17:21 | Age | Castle Age |
| 17:28 | Research | War Galley (upgrade) |
| 17:28 | Research | War Galley (upgrade) |
| 17:30 | Research | Bow Saw |
| 17:30 | Research | Bow Saw |
| 17:33 | Create | Villager (Male) |
| 17:39 | Create | Galley |
| 18:14 | Build | House |
| 18:16 | Create | Galley |
| 18:18 | Create | Villager (Male) |
| 18:47 | Build | Dock |
| 19:05 | Create | Villager (Male) |
| 19:05 | Create | Villager (Male) |
| 19:10 | Research | Wheelbarrow |
| 19:24 | Build | Town Center |
| 19:41 | Create | Fishing Ship |
| 19:41 | Create | Fishing Ship |
| 20:00 | Create | Villager (Male) |
| 20:02 | Create | Villager (Male) |
| 20:32 | Build | Monastery |
| 21:09 | Create | Warrior Priest |
| 21:36 | Create | Villager (Male) |
| 21:36 | Create | Villager (Male) |
| 21:52 | Create | Villager (Male) |
| 21:53 | Create | Villager (Male) |
| 22:05 | Create | Galley |
| 22:05 | Create | Galley |
| 22:06 | Create | Galley |
| 22:22 | Create | Villager (Male) |
| 22:28 | Build | Town Center |
| 22:42 | Create | Galley |
| 22:42 | Create | Galley |
| 22:43 | Create | Galley |
| 22:45 | Create | Villager (Male) |
| 22:45 | Create | Villager (Male) |
| 23:17 | Create | Fishing Ship |
| 23:18 | Research | Tech 906 |
| 23:18 | Create | Fishing Ship |
| 23:39 | Create | Villager (Male) |
| 23:39 | Create | Villager (Male) |
| 24:04 | Create | Villager (Male) |
| 24:04 | Create | Villager (Male) |
| 24:15 | Create | Galley |
| 24:15 | Create | Galley |
| 24:15 | Create | Galley |
| 24:20 | Create | Villager (Male) |
| 24:23 | Build | Mule Cart |
| 24:41 | Create | Villager (Male) |
| 24:42 | Create | Villager (Male) |
| 24:47 | Research | Stone Mining |
| 24:47 | Research | Stone Mining |
| 24:48 | Research | Gold Mining |
| 24:48 | Research | Gold Mining |
Build order — Heavenly Yours
97 actions detected in the replay
| 0:14 | Build | Town Center |
| 1:39 | Build | Dock |
| 2:39 | Create | Villager (Male) |
| 2:40 | Create | Villager (Male) |
| 2:40 | Create | Villager (Male) |
| 2:40 | Create | Villager (Male) |
| 2:40 | Create | Villager (Male) |
| 3:04 | Build | House |
| 3:40 | Build | House |
| 4:37 | Research | Loom |
| 4:51 | Create | Villager (Male) |
| 4:52 | Create | Villager (Male) |
| 5:09 | Create | Fishing Ship |
| 5:09 | Create | Fishing Ship |
| 5:36 | Create | Fishing Ship |
| 6:06 | Create | Fishing Ship |
| 7:00 | Create | Villager (Male) |
| 7:00 | Create | Villager (Male) |
| 7:00 | Create | Villager (Male) |
| 7:04 | Create | Villager (Male) |
| 7:05 | Create | Villager (Male) |
| 7:17 | Build | House |
| 7:49 | Create | Villager (Male) |
| 8:36 | Create | Villager (Male) |
| 8:36 | Create | Villager (Male) |
| 8:37 | Create | Villager (Male) |
| 9:04 | Create | Villager (Male) |
| 9:05 | Create | Villager (Male) |
| 9:08 | Create | Fishing Ship |
| 9:34 | Create | Fishing Ship |
| 9:38 | Build | House |
| 10:02 | Create | Villager (Male) |
| 10:03 | Create | Villager (Male) |
| 10:17 | Build | Lumber Camp |
| 10:58 | Build | House |
| 11:01 | Build | House |
| 11:18 | Create | Villager (Male) |
| 11:19 | Create | Villager (Male) |
| 12:22 | Build | Town Center |
| 12:43 | Build | Town Center |
| 12:55 | Build | Town Center |
| 13:11 | Build | House |
| 13:18 | Build | Palisade Wall |
| 13:52 | Create | Villager (Male) |
| 13:53 | Create | Villager (Male) |
| 13:53 | Create | Villager (Male) |
| 14:32 | Create | Villager (Male) |
| 14:32 | Create | Villager (Male) |
| 15:25 | Create | Villager (Male) |
| 15:26 | Create | Villager (Male) |
| 15:26 | Create | Villager (Male) |
| 22:22 | Build | Town Center |
| 23:23 | Research | Feudal Age |
| 23:28 | Create | Villager (Male) |
| 23:29 | Create | Villager (Male) |
| 24:38 | Build | Dock |
| 25:28 | Build | Mill |
| 25:33 | Age | Feudal Age |
| 26:20 | Create | Villager (Male) |
| 26:40 | Build | Market |
| 27:06 | Build | Market |
| 27:37 | Create | Villager (Male) |
| 27:38 | Create | Villager (Male) |
| 27:50 | Build | Stone Wall |
| 28:06 | Build | Blacksmith |
| 28:25 | Build | Blacksmith |
| 28:29 | Create | Villager (Male) |
| 28:30 | Create | Villager (Male) |
| 28:32 | Research | Town Watch |
| 29:07 | Research | Castle Age |
| 29:07 | Research | Castle Age |
| 29:19 | Build | House |
| 29:20 | Build | House |
| 29:46 | Research | Double-Bit Axe |
| 30:32 | Build | House |
| 30:34 | Build | House |
| 31:26 | Research | Tech 906 |
| 31:48 | Create | Villager (Male) |
| 31:49 | Create | Villager (Male) |
| 31:59 | Age | Castle Age |
| 32:05 | Build | Town Center |
| 32:36 | Build | Town Center |
| 32:40 | Create | Villager (Male) |
| 32:40 | Create | Villager (Male) |
| 32:55 | Build | House |
| 32:57 | Build | House |
| 33:35 | Research | Wheelbarrow |
| 33:35 | Research | Wheelbarrow |
| 33:38 | Create | Villager (Male) |
| 33:38 | Create | Villager (Male) |
| 33:40 | Create | Villager (Male) |
| 33:40 | Create | Villager (Male) |
| 33:40 | Create | Villager (Male) |
| 33:52 | Build | Outpost |
| 34:07 | Create | Villager (Male) |
| 34:08 | Create | Villager (Male) |
| 34:08 | Create | Villager (Male) |
Build order — VL Carlos Manzo
First 150 of 154 actions detected
| 0:09 | Build | Town Center |
| 0:57 | Build | Dock |
| 2:40 | Build | House |
| 2:41 | Create | Villager (Male) |
| 2:42 | Create | Villager (Male) |
| 2:54 | Create | Villager (Male) |
| 3:05 | Create | Villager (Male) |
| 3:52 | Create | Fishing Ship |
| 4:24 | Research | Loom |
| 4:34 | Create | Fishing Ship |
| 5:09 | Create | Villager (Male) |
| 5:22 | Create | Villager (Male) |
| 5:37 | Build | House |
| 5:47 | Build | House |
| 6:15 | Create | Villager (Male) |
| 6:36 | Create | Fishing Ship |
| 6:36 | Create | Fishing Ship |
| 6:51 | Create | Villager (Male) |
| 7:10 | Create | Villager (Male) |
| 7:24 | Create | Fishing Ship |
| 7:24 | Create | Fishing Ship |
| 7:36 | Create | Villager (Male) |
| 8:11 | Create | Villager (Male) |
| 8:21 | Create | Fishing Ship |
| 8:35 | Create | Villager (Male) |
| 8:37 | Build | House |
| 8:58 | Create | Fishing Ship |
| 9:00 | Create | Villager (Male) |
| 9:28 | Create | Villager (Male) |
| 9:36 | Build | Outpost |
| 9:42 | Build | Outpost |
| 9:46 | Build | Mill |
| 9:53 | Create | Fishing Ship |
| 9:58 | Create | Villager (Male) |
| 10:34 | Build | Mill |
| 11:00 | Research | Feudal Age |
| 11:00 | Research | Feudal Age |
| 11:18 | Build | Mining Camp |
| 11:33 | Build | House |
| 13:10 | Age | Feudal Age |
| 13:11 | Create | Villager (Male) |
| 13:18 | Build | Market |
| 13:31 | Build | House |
| 13:33 | Create | Villager (Male) |
| 13:37 | Build | Blacksmith |
| 14:01 | Create | Villager (Male) |
| 14:10 | Build | Palisade Wall |
| 14:23 | Create | Villager (Male) |
| 14:34 | Build | Palisade Wall |
| 14:36 | Build | Palisade Wall |
| 14:47 | Build | Palisade Wall |
| 14:59 | Create | Villager (Male) |
| 15:13 | Build | Mining Camp |
| 15:33 | Create | Villager (Male) |
| 15:50 | Build | Barracks |
| 15:57 | Research | Castle Age |
| 16:37 | Research | Gold Mining |
| 16:40 | Research | Castle Age |
| 16:44 | Research | Stone Mining |
| 17:18 | Build | House |
| 17:36 | Create | Spearman |
| 17:36 | Create | Spearman |
| 18:01 | Create | Fire Galley |
| 18:17 | Build | Dock |
| 18:33 | Create | Villager (Male) |
| 19:20 | Age | Castle Age |
| 19:21 | Build | Castle |
| 19:22 | Create | Villager (Male) |
| 19:41 | Create | Fire Lancer |
| 19:41 | Research | Squires |
| 19:52 | Build | Lumber Camp |
| 19:58 | Create | Villager (Male) |
| 20:11 | Build | Town Center |
| 20:20 | Create | Villager (Male) |
| 20:54 | Create | Villager (Male) |
| 21:04 | Research | Double-Bit Axe |
| 21:07 | Create | War Wagon |
| 21:09 | Research | Fletching |
| 21:09 | Research | Fletching |
| 21:12 | Create | Villager (Male) |
| 21:16 | Create | Fire Lancer |
| 21:27 | Create | Villager (Male) |
| 21:39 | Create | War Wagon |
| 21:50 | Create | Villager (Male) |
| 21:58 | Create | Villager (Male) |
| 22:11 | Create | War Wagon |
| 22:17 | Build | House |
| 22:34 | Build | Mill |
| 22:51 | Build | Mill |
| 23:13 | Create | War Wagon |
| 23:45 | Create | Villager (Male) |
| 23:48 | Build | Monastery |
| 23:49 | Create | Villager (Male) |
| 23:52 | Create | Villager (Male) |
| 24:00 | Create | War Wagon |
| 24:26 | Create | Villager (Male) |
| 24:40 | Create | Villager (Male) |
| 24:47 | Create | War Wagon |
| 25:32 | Create | War Wagon |
| 25:49 | Research | Bodkin Arrow |
| 26:16 | Create | Villager (Male) |
| 26:19 | Create | War Wagon |
| 26:33 | Create | War Wagon |
| 26:36 | Create | Villager (Male) |
| 26:52 | Create | Villager (Male) |
| 26:56 | Create | War Wagon |
| 26:59 | Research | Horse Collar |
| 27:10 | Create | War Wagon |
| 27:14 | Build | Farm |
| 27:16 | Build | Farm |
| 27:18 | Build | Farm |
| 27:23 | Create | Villager (Male) |
| 27:29 | Create | War Wagon |
| 27:47 | Build | Watch Tower |
| 27:52 | Create | War Wagon |
| 27:56 | Create | Villager (Male) |
| 27:59 | Create | Villager (Male) |
| 28:03 | Build | Watch Tower |
| 28:14 | Create | War Wagon |
| 28:23 | Create | Villager (Male) |
| 28:33 | Build | Farm |
| 28:34 | Build | Farm |
| 28:51 | Create | Villager (Male) |
| 28:56 | Create | War Wagon |
| 29:09 | Create | Villager (Male) |
| 29:16 | Build | Farm |
| 29:17 | Build | Farm |
| 29:23 | Build | Farm |
| 29:27 | Create | Villager (Male) |
| 29:39 | Create | War Wagon |
| 29:50 | Create | Villager (Male) |
| 29:53 | Create | War Wagon |
| 30:32 | Build | Monastery |
| 30:33 | Create | Villager (Male) |
| 30:48 | Create | Villager (Male) |
| 30:50 | Create | War Wagon |
| 30:59 | Build | Watch Tower |
| 31:02 | Create | Villager (Male) |
| 31:09 | Create | Villager (Male) |
| 31:14 | Create | Villager (Male) |
| 31:22 | Create | Villager (Male) |
| 31:23 | Create | War Wagon |
| 31:50 | Create | War Wagon |
| 32:11 | Create | Villager (Male) |
| 32:32 | Create | Villager (Male) |
| 32:38 | Create | Monk |
| 32:41 | Create | Villager (Male) |
| 32:51 | Build | Mining Camp |
| 32:58 | Build | Monastery |
| 33:02 | Create | Monk |
Build order — 半半年没打了
First 150 of 244 actions detected
| 0:32 | Build | Town Center |
| 0:34 | Build | Dock |
| 0:56 | Build | House |
| 2:26 | Build | Palisade Wall |
| 2:28 | Build | Palisade Wall |
| 3:00 | Create | Villager (Male) ×4 |
| 3:01 | Create | Villager (Male) ×4 |
| 3:58 | Create | Villager (Male) |
| 4:05 | Create | Fishing Ship |
| 4:43 | Build | House |
| 4:54 | Research | Loom |
| 5:19 | Build | House |
| 5:27 | Create | Fishing Ship |
| 5:29 | Create | Villager (Male) |
| 5:35 | Build | Palisade Wall |
| 5:59 | Create | Fishing Ship |
| 6:12 | Create | Villager (Male) |
| 6:13 | Create | Villager (Male) |
| 6:36 | Create | Villager (Male) |
| 6:36 | Create | Villager (Male) |
| 6:42 | Build | House |
| 6:50 | Create | Villager (Male) |
| 7:18 | Create | Villager (Male) |
| 7:20 | Create | Fishing Ship |
| 7:36 | Create | Villager (Male) |
| 7:36 | Create | Villager (Male) |
| 8:07 | Build | House |
| 8:08 | Create | Villager (Male) |
| 8:10 | Create | Villager (Male) |
| 8:11 | Create | Villager (Male) |
| 8:19 | Create | Fishing Ship |
| 9:00 | Create | Villager (Male) |
| 9:10 | Create | Fishing Ship |
| 9:56 | Create | Villager (Male) |
| 10:13 | Build | House |
| 10:17 | Create | Villager (Male) |
| 10:20 | Build | Palisade Wall |
| 10:25 | Build | Dock |
| 10:47 | Create | Villager (Male) |
| 11:09 | Build | Palisade Wall |
| 11:12 | Create | Fishing Ship |
| 11:16 | Create | Villager (Male) |
| 11:41 | Create | Villager (Male) |
| 11:57 | Create | Villager (Male) |
| 12:00 | Build | Settlement |
| 12:25 | Research | Feudal Age |
| 12:32 | Build | Settlement |
| 12:59 | Build | House |
| 13:18 | Create | Villager (Male) |
| 13:31 | Build | Barracks |
| 14:42 | Age | Feudal Age |
| 14:44 | Build | Archery Range |
| 14:48 | Build | Blacksmith |
| 14:54 | Build | Palisade Wall |
| 14:58 | Research | Town Watch |
| 15:27 | Build | Archery Range |
| 15:37 | Research | Castle Age |
| 15:52 | Build | Watch Tower |
| 16:05 | Build | Settlement |
| 16:12 | Research | Double-Bit Axe |
| 16:12 | Research | Double-Bit Axe |
| 16:42 | Build | Palisade Wall |
| 16:49 | Build | Palisade Gate |
| 16:51 | Build | Palisade Wall |
| 16:56 | Research | Gold Mining |
| 17:06 | Build | Palisade Wall |
| 17:35 | Create | Villager (Male) |
| 17:56 | Build | Dock |
| 18:17 | Age | Castle Age |
| 18:19 | Create | Bolas Rider |
| 18:20 | Create | Bolas Rider |
| 18:22 | Research | Fletching |
| 18:26 | Research | Bow Saw |
| 18:33 | Create | Villager (Male) |
| 18:49 | Create | Bolas Rider |
| 18:49 | Create | Bolas Rider |
| 19:01 | Research | Wheelbarrow |
| 19:14 | Create | Bolas Rider |
| 19:14 | Create | Bolas Rider |
| 19:42 | Create | Villager (Male) |
| 20:01 | Create | Bolas Rider |
| 20:01 | Create | Bolas Rider |
| 20:05 | Build | House |
| 20:05 | Build | House |
| 20:26 | Create | Villager (Male) |
| 20:35 | Create | Villager (Male) |
| 20:36 | Create | Bolas Rider |
| 20:36 | Create | Bolas Rider |
| 20:57 | Build | Town Center |
| 21:23 | Build | Siege Workshop |
| 21:28 | Create | Villager (Male) |
| 21:30 | Create | Bolas Rider |
| 21:30 | Create | Bolas Rider |
| 21:54 | Create | Bolas Rider |
| 21:54 | Create | Bolas Rider |
| 22:21 | Create | Villager (Male) |
| 22:21 | Create | Villager (Male) |
| 22:22 | Create | Villager (Male) |
| 22:47 | Research | Bodkin Arrow |
| 22:56 | Create | Villager (Male) |
| 23:05 | Create | Villager (Male) |
| 23:06 | Create | Villager (Male) |
| 23:17 | Create | Mangonel |
| 23:30 | Create | Villager (Male) |
| 23:35 | Build | Outpost |
| 23:54 | Create | Villager (Male) |
| 23:55 | Create | Villager (Male) |
| 23:57 | Build | House |
| 24:02 | Build | Monastery |
| 24:12 | Research | Padded Archer Armor |
| 24:13 | Create | Bolas Rider |
| 24:13 | Create | Bolas Rider |
| 25:05 | Create | Bolas Rider |
| 25:05 | Create | Bolas Rider |
| 25:06 | Create | Villager (Male) |
| 25:06 | Create | Villager (Male) |
| 25:06 | Create | Villager (Male) |
| 25:06 | Create | Villager (Male) |
| 25:07 | Create | Mangonel |
| 25:16 | Build | Market |
| 25:21 | Build | Settlement |
| 25:22 | Build | Farm |
| 25:23 | Build | Farm |
| 25:26 | Research | Horse Collar |
| 25:32 | Create | Villager (Male) |
| 25:32 | Create | Villager (Male) |
| 25:45 | Create | Villager (Male) |
| 25:45 | Create | Villager (Male) |
| 25:51 | Create | Mangonel |
| 25:57 | Build | Outpost |
| 26:01 | Build | Town Center |
| 26:07 | Create | Monk |
| 26:08 | Create | Villager (Male) |
| 26:09 | Create | Villager (Male) |
| 26:09 | Create | Villager (Male) |
| 26:12 | Build | House |
| 26:12 | Build | House |
| 26:13 | Build | House |
| 26:14 | Build | House |
| 26:33 | Create | Villager (Male) |
| 26:33 | Create | Villager (Male) |
| 26:33 | Create | Villager (Male) |
| 26:43 | Create | Villager (Male) |
| 26:43 | Create | Villager (Male) |
| 26:44 | Build | Farm |
| 26:45 | Build | Farm |
| 26:46 | Build | Farm |
| 26:50 | Build | House |
| 26:54 | Create | Villager (Male) |
| 26:58 | Build | Farm |
Build order — VL LocoBarry
First 150 of 172 actions detected
| 0:03 | Build | Town Center |
| 1:27 | Build | House |
| 2:14 | Build | Dock |
| 2:23 | Create | Villager (Male) |
| 2:23 | Create | Villager (Male) |
| 2:32 | Create | Villager (Male) |
| 2:32 | Create | Villager (Male) |
| 3:40 | Build | House |
| 3:49 | Build | House |
| 4:13 | Research | Loom |
| 4:25 | Create | Fishing Ship |
| 4:32 | Build | Palisade Wall |
| 4:38 | Create | Villager (Male) |
| 4:39 | Create | Villager (Male) |
| 4:58 | Create | Villager (Male) |
| 5:26 | Create | Villager (Male) |
| 5:26 | Create | Villager (Male) |
| 5:46 | Create | Villager (Male) |
| 5:47 | Create | Villager (Male) |
| 6:07 | Create | Fishing Ship |
| 6:09 | Create | Villager (Male) |
| 6:38 | Build | House |
| 6:41 | Create | Villager (Male) |
| 6:42 | Create | Villager (Male) |
| 7:07 | Create | Fishing Ship |
| 7:14 | Create | Villager (Male) |
| 7:48 | Create | Villager (Male) |
| 7:48 | Create | Villager (Male) |
| 8:02 | Build | House |
| 8:17 | Create | Villager (Male) |
| 8:25 | Create | Villager (Male) |
| 9:27 | Research | Feudal Age |
| 9:27 | Research | Feudal Age |
| 9:49 | Build | Mining Camp |
| 9:55 | Build | House |
| 10:14 | Create | Villager (Male) |
| 10:56 | Create | Fishing Ship |
| 11:04 | Build | House |
| 11:38 | Age | Feudal Age |
| 11:40 | Build | Archery Range |
| 11:42 | Build | Archery Range |
| 11:45 | Create | Villager (Male) |
| 11:46 | Create | Villager (Male) |
| 12:05 | Create | Villager (Male) |
| 12:22 | Create | Archer |
| 12:22 | Create | Archer |
| 12:25 | Create | Villager (Male) |
| 12:34 | Create | Villager (Male) |
| 12:48 | Create | Archer |
| 12:48 | Create | Archer |
| 12:49 | Create | Villager (Male) |
| 13:10 | Build | Blacksmith |
| 13:13 | Create | Archer |
| 13:20 | Create | Villager (Male) |
| 13:31 | Create | Villager (Male) |
| 13:36 | Create | Archer |
| 13:51 | Build | House |
| 13:55 | Build | House |
| 13:59 | Research | Fletching |
| 14:09 | Create | Villager (Male) |
| 14:13 | Build | Lumber Camp |
| 14:18 | Create | Archer |
| 14:37 | Create | Archer |
| 14:43 | Create | Villager (Male) |
| 14:44 | Create | Archer |
| 14:46 | Build | House |
| 14:49 | Build | House |
| 15:10 | Create | Archer |
| 15:11 | Create | Villager (Male) |
| 15:12 | Create | Archer |
| 15:14 | Research | Double-Bit Axe |
| 15:44 | Create | Archer |
| 16:09 | Create | Archer |
| 16:29 | Create | Archer |
| 16:30 | Create | Villager (Male) |
| 16:44 | Create | Archer |
| 16:55 | Create | Villager (Male) |
| 16:56 | Create | Archer |
| 17:44 | Create | Villager (Male) |
| 17:45 | Create | Archer |
| 17:49 | Build | Palisade Wall |
| 17:51 | Build | Palisade Wall |
| 17:52 | Build | Palisade Wall |
| 17:54 | Build | House |
| 17:58 | Create | Villager (Male) |
| 17:59 | Build | House |
| 18:01 | Build | House |
| 18:11 | Create | Archer |
| 18:15 | Create | Villager (Male) |
| 18:17 | Create | Archer |
| 18:33 | Create | Archer |
| 18:36 | Build | Farm |
| 18:36 | Build | Farm |
| 18:36 | Build | Farm |
| 18:36 | Build | Farm |
| 18:37 | Build | Farm |
| 18:37 | Build | Farm |
| 18:37 | Build | Farm |
| 18:37 | Build | Farm |
| 18:38 | Build | Farm |
| 18:38 | Build | Farm |
| 19:06 | Create | Archer |
| 19:07 | Create | Fishing Ship |
| 19:07 | Create | Fishing Ship |
| 19:28 | Create | Archer |
| 19:30 | Build | Barracks |
| 19:37 | Create | Archer |
| 19:38 | Create | Villager (Male) |
| 19:42 | Create | Archer |
| 19:46 | Create | Archer |
| 20:10 | Create | Villager (Male) |
| 20:12 | Build | Palisade Wall |
| 20:16 | Build | House |
| 20:17 | Build | House |
| 20:20 | Build | House |
| 20:42 | Create | Archer |
| 20:45 | Create | Archer |
| 20:45 | Create | Archer |
| 20:46 | Create | Villager (Male) |
| 21:13 | Create | Archer |
| 21:19 | Build | Stone Wall |
| 21:29 | Create | Archer |
| 21:31 | Create | Villager (Male) |
| 21:38 | Create | Villager (Male) |
| 21:44 | Create | Villager (Male) |
| 21:54 | Build | Stone Wall |
| 21:55 | Build | Stone Wall |
| 22:02 | Create | Archer |
| 22:04 | Create | Villager (Male) |
| 22:09 | Build | Market |
| 22:14 | Build | House |
| 23:06 | Create | Fishing Ship |
| 23:14 | Create | Archer |
| 23:15 | Create | Villager (Male) |
| 23:28 | Create | Archer |
| 23:39 | Build | Watch Tower |
| 24:26 | Create | Villager (Male) |
| 24:27 | Create | Archer |
| 24:37 | Research | Padded Archer Armor |
| 24:45 | Create | Archer |
| 24:47 | Create | Villager (Male) |
| 25:12 | Create | Archer |
| 25:18 | Build | Stable |
| 25:36 | Create | Villager (Male) |
| 26:35 | Create | Villager (Male) |
| 26:55 | Research | Castle Age |
| 27:15 | Build | Watch Tower |
| 27:30 | Create | Villager (Male) |
| 29:22 | Build | Watch Tower |
| 29:35 | Age | Castle Age |
Build order — VL Formolin
133 actions detected in the replay
| 0:22 | Build | Town Center |
| 2:05 | Build | Dock |
| 2:08 | Build | House |
| 2:43 | Create | Villager (Male) |
| 2:43 | Create | Villager (Male) |
| 2:43 | Create | Villager (Male) |
| 2:44 | Create | Villager (Male) |
| 4:08 | Create | Villager (Male) |
| 4:44 | Create | Villager (Male) |
| 4:50 | Build | House |
| 5:08 | Create | Villager (Male) |
| 5:13 | Create | Fishing Ship |
| 5:44 | Create | Villager (Male) |
| 5:46 | Create | Fishing Ship |
| 6:11 | Create | Villager (Male) |
| 6:17 | Build | House |
| 6:38 | Create | Villager (Male) |
| 6:55 | Build | Mill |
| 7:05 | Research | Loom |
| 7:31 | Create | Villager (Male) |
| 7:56 | Create | Fishing Ship |
| 8:08 | Create | Villager (Male) |
| 8:34 | Create | Villager (Male) |
| 8:41 | Build | House |
| 8:51 | Create | Villager (Male) |
| 9:19 | Create | Villager (Male) |
| 9:21 | Create | Fishing Ship |
| 9:21 | Create | Fishing Ship |
| 9:40 | Create | Villager (Male) |
| 9:55 | Build | House |
| 9:59 | Create | Fishing Ship |
| 10:11 | Create | Villager (Male) |
| 10:32 | Create | Villager (Male) |
| 10:37 | Build | Lumber Camp |
| 11:05 | Create | Villager (Male) |
| 11:31 | Create | Villager (Male) |
| 11:32 | Create | Villager (Male) |
| 11:39 | Build | Mining Camp |
| 11:42 | Create | Villager (Male) |
| 11:47 | Build | Outpost |
| 11:51 | Build | Outpost |
| 12:13 | Research | Feudal Age |
| 12:40 | Build | Outpost |
| 13:16 | Build | Outpost |
| 13:37 | Build | Outpost |
| 13:53 | Build | House |
| 13:58 | Build | Dock |
| 14:13 | Create | Villager (Male) |
| 14:27 | Create | Villager (Male) |
| 14:31 | Age | Feudal Age |
| 14:40 | Build | Market |
| 14:48 | Build | Blacksmith |
| 15:03 | Create | Villager (Male) |
| 15:22 | Create | Villager (Male) |
| 15:25 | Build | House |
| 15:43 | Create | Villager (Male) |
| 15:53 | Build | House |
| 16:01 | Create | Villager (Male) |
| 16:15 | Create | Villager (Male) |
| 16:28 | Build | House |
| 16:33 | Build | Palisade Wall |
| 16:51 | Research | Castle Age |
| 17:13 | Build | Palisade Wall |
| 18:01 | Research | Tech 906 |
| 18:04 | Create | Fishing Ship |
| 18:05 | Create | Fishing Ship |
| 18:05 | Create | Fishing Ship |
| 18:28 | Research | Double-Bit Axe |
| 18:59 | Create | Villager (Male) |
| 19:31 | Age | Castle Age |
| 19:58 | Build | Siege Workshop |
| 20:26 | Research | Bow Saw |
| 20:36 | Build | Siege Workshop |
| 20:54 | Create | Mangonel |
| 21:18 | Create | Mangonel |
| 22:06 | Create | Villager (Male) |
| 22:08 | Create | Villager (Male) |
| 22:14 | Create | Scorpion |
| 22:40 | Create | Villager (Male) |
| 22:41 | Create | Villager (Male) |
| 22:53 | Create | Villager (Male) |
| 22:54 | Create | Villager (Male) |
| 23:06 | Create | Villager (Male) |
| 23:23 | Create | Villager (Male) |
| 23:36 | Build | Town Center |
| 24:15 | Build | House |
| 24:40 | Create | Villager (Male) |
| 24:40 | Create | Villager (Male) |
| 25:09 | Create | Villager (Male) |
| 25:11 | Create | Villager (Male) |
| 25:23 | Build | Lumber Camp |
| 25:27 | Create | Villager (Male) |
| 25:31 | Create | Villager (Male) |
| 25:50 | Build | Castle |
| 25:53 | Create | Villager (Male) |
| 26:07 | Create | Villager (Male) |
| 26:19 | Build | House |
| 26:28 | Build | House |
| 26:33 | Create | Villager (Male) |
| 26:37 | Create | Mangonel |
| 26:48 | Create | Villager (Male) |
| 26:59 | Build | Siege Workshop |
| 27:10 | Create | Villager (Male) |
| 27:12 | Create | Villager (Male) |
| 27:23 | Build | Farm |
| 27:25 | Build | Farm |
| 27:33 | Create | Mangonel |
| 27:34 | Create | Mangonel |
| 27:39 | Create | Villager (Male) |
| 27:42 | Research | Horse Collar |
| 27:57 | Build | Farm |
| 28:15 | Create | Villager (Male) |
| 28:19 | Research | Tech 455 |
| 28:34 | Create | Villager (Male) |
| 28:41 | Create | Villager (Male) |
| 28:47 | Build | Town Center |
| 29:25 | Create | Villager (Male) |
| 29:33 | Create | Mangonel |
| 29:35 | Create | Villager (Male) |
| 29:35 | Create | Villager (Male) |
| 30:00 | Create | Villager (Male) |
| 30:07 | Build | Lumber Camp |
| 30:30 | Build | Farm |
| 30:31 | Build | Farm |
| 30:57 | Create | Villager (Male) |
| 31:02 | Create | Mangonel |
| 31:37 | Build | Farm |
| 32:11 | Create | Villager (Male) |
| 32:11 | Create | Villager (Male) |
| 32:30 | Build | Farm |
| 33:18 | Build | Castle |
| 33:47 | Create | Mangonel |
| 33:59 | Create | Villager (Male) |
Build order — TL_旋律
First 150 of 295 actions detected
| 0:03 | Build | Town Center |
| 0:40 | Build | Dock |
| 2:25 | Create | Villager (Male) |
| 2:25 | Create | Villager (Male) |
| 2:26 | Create | Villager (Male) |
| 2:26 | Create | Villager (Male) |
| 2:55 | Build | House |
| 3:14 | Research | Loom |
| 3:22 | Create | Villager (Male) |
| 3:22 | Create | Villager (Male) |
| 3:23 | Create | Villager (Male) |
| 4:02 | Create | Fishing Ship |
| 4:02 | Create | Fishing Ship |
| 4:30 | Build | House |
| 4:32 | Create | Villager (Male) |
| 5:06 | Create | Villager (Male) |
| 5:06 | Create | Villager (Male) |
| 5:19 | Create | Fishing Ship |
| 5:34 | Create | Villager (Male) |
| 5:44 | Build | House |
| 6:02 | Create | Villager (Male) |
| 6:24 | Create | Fishing Ship |
| 6:38 | Create | Villager (Male) |
| 6:38 | Create | Villager (Male) |
| 6:55 | Create | Villager (Male) |
| 6:55 | Create | Villager (Male) |
| 6:56 | Create | Fishing Ship |
| 7:16 | Build | House |
| 7:20 | Create | Villager (Male) |
| 7:29 | Create | Villager (Male) |
| 7:29 | Create | Villager (Male) |
| 7:46 | Create | Fishing Ship |
| 7:55 | Create | Villager (Male) |
| 8:14 | Create | Villager (Male) |
| 8:21 | Create | Fishing Ship |
| 8:25 | Build | House |
| 8:55 | Create | Villager (Male) |
| 8:57 | Create | Fishing Ship |
| 9:10 | Create | Villager (Male) |
| 9:33 | Create | Fishing Ship |
| 9:34 | Create | Villager (Male) |
| 9:39 | Build | Mill |
| 9:51 | Build | House |
| 9:56 | Create | Villager (Male) |
| 10:13 | Build | Mining Camp |
| 10:50 | Research | Feudal Age |
| 11:02 | Create | Fishing Ship |
| 11:58 | Build | Dock |
| 12:04 | Create | Villager (Male) |
| 12:20 | Build | Barracks |
| 13:00 | Age | Feudal Age |
| 13:03 | Build | Blacksmith |
| 13:13 | Research | Town Watch |
| 13:32 | Create | Villager (Male) |
| 13:54 | Build | Stable |
| 13:58 | Create | Villager (Male) |
| 14:46 | Research | Castle Age |
| 14:48 | Build | Mining Camp |
| 15:16 | Build | Lumber Camp |
| 15:23 | Create | Scout Cavalry |
| 15:25 | Create | Fishing Ship |
| 15:30 | Build | House |
| 15:32 | Build | House |
| 15:40 | Create | Scout Cavalry |
| 15:49 | Build | House |
| 15:56 | Create | Scout Cavalry |
| 16:19 | Create | Fishing Ship |
| 16:32 | Research | Scale Barding Armor |
| 16:37 | Build | House |
| 16:51 | Build | Dock |
| 17:08 | Research | Double-Bit Axe |
| 17:20 | Create | Fishing Ship |
| 17:20 | Create | Fishing Ship |
| 17:26 | Age | Castle Age |
| 17:28 | Create | Knight |
| 17:30 | Create | Villager (Male) |
| 17:41 | Create | Knight |
| 18:02 | Create | Villager (Male) |
| 18:18 | Build | Farm |
| 18:19 | Build | Farm |
| 18:21 | Build | Farm |
| 18:32 | Create | Knight |
| 18:35 | Create | Fishing Ship |
| 18:35 | Create | Fishing Ship |
| 18:36 | Create | Fishing Ship |
| 18:36 | Create | Fishing Ship |
| 18:46 | Create | Villager (Male) |
| 18:47 | Create | Villager (Male) |
| 19:10 | Create | Villager (Male) |
| 19:38 | Create | Villager (Male) |
| 19:41 | Build | Town Center |
| 19:52 | Research | Bow Saw |
| 20:03 | Create | Villager (Male) |
| 20:03 | Create | Villager (Male) |
| 20:14 | Build | House |
| 20:16 | Build | House |
| 20:16 | Build | House |
| 20:32 | Create | Villager (Male) |
| 20:36 | Create | Villager (Male) |
| 20:38 | Create | Villager (Male) |
| 20:38 | Create | Villager (Male) |
| 20:46 | Create | Knight |
| 20:57 | Create | Villager (Male) |
| 20:57 | Create | Villager (Male) |
| 21:04 | Build | Monastery |
| 21:16 | Create | Villager (Male) |
| 21:38 | Create | Villager (Male) |
| 21:40 | Create | Monk |
| 21:41 | Create | Monk |
| 21:49 | Create | Villager (Male) |
| 21:57 | Build | Siege Workshop |
| 22:00 | Research | Wheelbarrow |
| 22:06 | Build | House |
| 22:07 | Build | House |
| 22:08 | Build | House |
| 22:11 | Create | Villager (Male) |
| 22:11 | Create | Villager (Male) |
| 22:15 | Build | Lumber Camp |
| 22:23 | Create | Villager (Male) |
| 22:23 | Create | Villager (Male) |
| 22:36 | Create | Mangonel |
| 22:41 | Create | Villager (Male) |
| 22:46 | Build | Farm |
| 22:47 | Build | Farm |
| 22:55 | Create | Villager (Male) |
| 22:59 | Create | Mangonel |
| 23:07 | Research | Horse Collar |
| 23:08 | Research | Horse Collar |
| 23:32 | Create | Villager (Male) |
| 23:33 | Create | Villager (Male) |
| 23:35 | Create | Villager (Male) |
| 23:41 | Create | Mangonel |
| 23:43 | Create | Villager (Male) |
| 23:44 | Build | Farm |
| 24:02 | Create | Villager (Male) |
| 24:06 | Build | Town Center |
| 24:16 | Create | Monk |
| 24:17 | Create | Monk |
| 24:32 | Create | Villager (Male) |
| 24:36 | Create | Monk |
| 24:39 | Create | Villager (Male) |
| 24:44 | Create | Villager (Male) |
| 24:49 | Build | Farm |
| 24:49 | Build | Farm |
| 24:49 | Build | Farm |
| 24:51 | Build | Farm |
| 24:57 | Create | Villager (Male) |
| 25:03 | Research | Bloodlines |
| 25:04 | Research | Bloodlines |
| 25:05 | Create | Villager (Male) |
Build order — ElMagoIsBacK
First 150 of 296 actions detected
| 0:13 | Build | Town Center |
| 0:44 | Build | Dock |
| 1:47 | Build | House |
| 1:59 | Build | House |
| 2:10 | Build | House |
| 2:15 | Build | House |
| 2:28 | Build | House |
| 2:37 | Build | Palisade Wall |
| 2:39 | Build | Palisade Wall |
| 2:41 | Build | Palisade Wall |
| 2:45 | Create | Villager (Male) |
| 2:45 | Create | Villager (Male) |
| 2:45 | Create | Villager (Male) |
| 3:07 | Create | Villager (Male) |
| 3:08 | Create | Villager (Male) |
| 3:13 | Build | House |
| 3:31 | Create | Villager (Male) |
| 3:31 | Create | Villager (Male) |
| 3:47 | Build | Palisade Wall |
| 3:54 | Build | Palisade Wall |
| 4:01 | Build | Palisade Wall |
| 4:03 | Build | Palisade Wall |
| 4:05 | Build | Palisade Wall |
| 4:19 | Create | Villager (Male) |
| 4:19 | Create | Villager (Male) |
| 4:43 | Create | Villager (Male) |
| 4:43 | Create | Villager (Male) |
| 4:46 | Build | House |
| 5:16 | Create | Fishing Ship |
| 5:16 | Create | Fishing Ship |
| 5:47 | Create | Villager (Male) |
| 5:48 | Create | Villager (Male) |
| 6:04 | Create | Fishing Ship |
| 6:04 | Create | Fishing Ship |
| 6:05 | Create | Fishing Ship |
| 6:19 | Create | Villager (Male) |
| 6:19 | Create | Villager (Male) |
| 6:21 | Build | House |
| 6:45 | Build | House |
| 6:48 | Create | Fishing Ship |
| 6:50 | Research | Loom |
| 6:53 | Create | Villager (Male) |
| 6:53 | Create | Villager (Male) |
| 7:14 | Create | Fishing Ship |
| 7:14 | Create | Villager (Male) |
| 7:14 | Create | Villager (Male) |
| 7:45 | Build | Palisade Wall |
| 7:46 | Build | Palisade Wall |
| 7:46 | Build | Palisade Wall |
| 7:50 | Create | Villager (Male) |
| 8:07 | Build | House |
| 8:08 | Create | Villager (Male) |
| 8:08 | Create | Villager (Male) |
| 8:11 | Create | Fishing Ship |
| 8:53 | Create | Villager (Male) |
| 9:02 | Create | Fishing Ship |
| 9:25 | Build | Palisade Wall |
| 9:26 | Build | Palisade Wall |
| 9:29 | Create | Villager (Male) |
| 9:29 | Create | Villager (Male) |
| 9:30 | Create | Villager (Male) |
| 9:37 | Build | House |
| 9:59 | Create | Fishing Ship |
| 10:01 | Create | Villager (Male) |
| 10:24 | Build | Mill |
| 10:29 | Build | Mill |
| 11:02 | Research | Feudal Age |
| 11:46 | Build | Mining Camp |
| 12:40 | Build | Mining Camp |
| 12:43 | Build | House |
| 12:47 | Build | House |
| 12:49 | Build | House |
| 12:51 | Build | House |
| 13:17 | Create | Villager (Male) |
| 13:19 | Age | Feudal Age |
| 13:40 | Build | Blacksmith |
| 13:47 | Create | Villager (Male) |
| 14:04 | Create | Villager (Male) |
| 14:06 | Research | Fletching |
| 14:06 | Research | Fletching |
| 14:32 | Create | Villager (Male) |
| 14:32 | Create | Villager (Male) |
| 14:57 | Create | Villager (Male) |
| 14:57 | Create | Villager (Male) |
| 16:28 | Create | Villager (Male) |
| 16:29 | Create | Villager (Male) |
| 16:29 | Create | Villager (Male) |
| 16:32 | Build | House |
| 17:23 | Create | Villager (Male) |
| 17:35 | Build | Palisade Gate |
| 17:38 | Build | Mining Camp |
| 17:54 | Build | Market |
| 18:31 | Research | Tech 906 |
| 18:32 | Research | Tech 906 |
| 18:32 | Research | Tech 906 |
| 18:47 | Build | Dock |
| 18:50 | Research | Castle Age |
| 18:50 | Research | Castle Age |
| 19:42 | Create | Villager (Male) |
| 19:47 | Build | Lumber Camp |
| 20:02 | Create | Fishing Ship |
| 20:02 | Create | Fishing Ship |
| 20:20 | Build | House |
| 20:36 | Build | House |
| 20:44 | Build | House |
| 20:55 | Build | House |
| 21:17 | Build | House |
| 21:30 | Age | Castle Age |
| 21:34 | Build | Town Center |
| 21:36 | Research | Double-Bit Axe |
| 21:36 | Create | Villager (Male) |
| 21:47 | Create | Villager (Male) |
| 21:54 | Build | Town Center |
| 22:36 | Create | Villager (Male) |
| 22:36 | Create | Villager (Male) |
| 22:42 | Build | Town Center |
| 23:02 | Create | Villager (Male) |
| 23:06 | Research | Bow Saw |
| 23:08 | Create | Villager (Male) |
| 23:08 | Create | Villager (Male) |
| 23:08 | Create | Villager (Male) |
| 23:32 | Create | Villager (Male) |
| 23:33 | Create | Villager (Male) |
| 23:33 | Create | Villager (Male) |
| 23:43 | Build | Farm |
| 23:45 | Build | Farm |
| 23:47 | Build | Farm |
| 23:51 | Build | Farm |
| 23:57 | Create | Villager (Male) ×5 |
| 24:46 | Create | Villager (Male) |
| 24:46 | Create | Villager (Male) |
| 24:48 | Research | Horse Collar |
| 24:48 | Research | Horse Collar |
| 24:51 | Build | Farm |
| 24:52 | Build | Farm |
| 24:52 | Build | Farm |
| 24:52 | Build | Farm |
| 24:52 | Build | Farm |
| 24:53 | Build | Farm |
| 24:53 | Build | Farm |
| 24:53 | Build | Farm |
| 25:25 | Create | Villager (Male) ×5 |
| 25:29 | Build | Farm |
| 25:29 | Build | Farm |
| 25:29 | Build | Farm |
| 25:30 | Build | Farm |
| 25:35 | Build | Farm |
| 25:36 | Build | Farm |
| 25:36 | Build | Farm |
| 25:36 | Build | Farm |
Match timeline
| 0:34 | 半半年没打了 · first_building Dock |
| 0:40 | TL_旋律 · first_building Dock |
| 0:44 | ElMagoIsBacK · first_building Dock |
| 0:57 | VL Carlos Manzo · first_building Dock |
| 1:39 | Heavenly Yours · first_building Dock |
| 2:00 | robo_boro · first_building Dock |
| 2:01 | robo_boro · wall_segment Palisade Wall x1 |
| 2:05 | VL Formolin · first_building Dock |
| 2:14 | VL LocoBarry · first_building Dock |
| 2:26 | 半半年没打了 · wall_segment Palisade Wall x1 |
| 2:28 | 半半年没打了 · wall_segment Palisade Wall x1 |
| 2:37 | ElMagoIsBacK · wall_segment Palisade Wall x1 |
| 2:39 | ElMagoIsBacK · wall_segment Palisade Wall x1 |
| 2:41 | ElMagoIsBacK · wall_segment Palisade Wall x1 |
| 3:47 | ElMagoIsBacK · wall_segment Palisade Wall x1 |
| 3:54 | ElMagoIsBacK · wall_segment Palisade Wall x1 |
| 4:01 | ElMagoIsBacK · wall_segment Palisade Wall x1 |
| 4:03 | ElMagoIsBacK · wall_segment Palisade Wall x1 |
| 4:05 | ElMagoIsBacK · wall_segment Palisade Wall x1 |
| 4:32 | VL LocoBarry · wall_segment Palisade Wall x1 |
| 5:35 | 半半年没打了 · wall_segment Palisade Wall x1 |
| 7:45 | ElMagoIsBacK · wall_segment Palisade Wall x1 |
| 7:46 | ElMagoIsBacK · wall_segment Palisade Wall x1 |
| 7:46 | ElMagoIsBacK · wall_segment Palisade Wall x1 |
| 9:25 | ElMagoIsBacK · wall_segment Palisade Wall x1 |
| 9:26 | ElMagoIsBacK · wall_segment Palisade Wall x1 |
| 10:20 | 半半年没打了 · wall_segment Palisade Wall x1 |
| 11:09 | 半半年没打了 · wall_segment Palisade Wall x9 |
| 11:38 | VL LocoBarry · age_up feudal |
| 11:40 | VL LocoBarry · first_building Archery Range |
| 12:20 | TL_旋律 · first_building Barracks |
| 13:00 | TL_旋律 · age_up feudal |
| 13:10 | VL Carlos Manzo · age_up feudal |
| 13:18 | Heavenly Yours · wall_segment Palisade Wall x4 |
| 13:19 | ElMagoIsBacK · age_up feudal |
| 13:24 | robo_boro · age_up feudal |
| 13:31 | 半半年没打了 · first_building Barracks |
| 13:54 | TL_旋律 · first_building Stable |
| 14:10 | VL Carlos Manzo · wall_segment Palisade Wall x1 |
| 14:31 | VL Formolin · age_up feudal |
| 14:34 | VL Carlos Manzo · wall_segment Palisade Wall x3 |
| 14:36 | VL Carlos Manzo · wall_segment Palisade Wall x1 |
| 14:42 | 半半年没打了 · age_up feudal |
| 14:44 | 半半年没打了 · first_building Archery Range |
| 14:47 | VL Carlos Manzo · wall_segment Palisade Wall x1 |
| 14:54 | 半半年没打了 · wall_segment Palisade Wall x9 |
| 15:34 | VL Formolin · first_market_buy 500 food |
| 15:37 | VL Formolin · first_market_sell 500 wood |
| 15:50 | VL Carlos Manzo · first_building Barracks |
| 16:33 | VL Formolin · wall_segment Palisade Wall x8 |
| 16:42 | 半半年没打了 · wall_segment Palisade Wall x1 |
| 16:51 | 半半年没打了 · wall_segment Palisade Wall x1 |
| 17:06 | 半半年没打了 · wall_segment Palisade Wall x1 |
| 17:13 | VL Formolin · wall_segment Palisade Wall x13 |
| 17:21 | robo_boro · age_up castle |
| 17:26 | TL_旋律 · age_up castle |
| 17:27 | robo_boro · first_market_sell 100 food |
| 17:49 | VL LocoBarry · wall_segment Palisade Wall x1 |
| 17:51 | VL LocoBarry · wall_segment Palisade Wall x1 |
| 17:52 | VL LocoBarry · wall_segment Palisade Wall x1 |
| 18:17 | 半半年没打了 · age_up castle |
| 18:34 | ElMagoIsBacK · first_market_sell 100 stone |
| 19:20 | VL Carlos Manzo · age_up castle |
| 19:21 | VL Carlos Manzo · first_building Castle |
| 19:30 | VL LocoBarry · first_building Barracks |
| 19:31 | VL Formolin · age_up castle |
| 19:58 | VL Formolin · first_building Siege Workshop |
| 20:05 | VL Carlos Manzo · first_market_buy 100 wood |
| 20:12 | robo_boro · tribute_sent a jugador 1 |
| 20:12 | robo_boro · tribute_sent a jugador 2 |
| 20:12 | robo_boro · tribute_sent a jugador 3 |
| 20:12 | robo_boro · tribute_sent a jugador 4 |
| 20:12 | robo_boro · tribute_sent a jugador 6 |
| 20:12 | robo_boro · tribute_sent a jugador 7 |
| 20:12 | robo_boro · tribute_sent a jugador 8 |
| 20:12 | VL LocoBarry · wall_segment Palisade Wall x1 |
| 20:32 | robo_boro · first_building Monastery |
| 21:04 | TL_旋律 · first_building Monastery |
| 21:19 | VL LocoBarry · wall_segment Stone Wall x1 |
| 21:23 | 半半年没打了 · first_building Siege Workshop |
| 21:30 | ElMagoIsBacK · age_up castle |
| 21:54 | VL LocoBarry · wall_segment Stone Wall x1 |
| 21:55 | VL LocoBarry · wall_segment Stone Wall x1 |
| 21:57 | TL_旋律 · first_building Siege Workshop |
| 23:34 | VL LocoBarry · first_market_sell 500 wood |
| 23:35 | VL LocoBarry · first_market_buy 100 food |
| 23:48 | VL Carlos Manzo · first_building Monastery |
| 24:02 | 半半年没打了 · first_building Monastery |
| 25:18 | VL LocoBarry · first_building Stable |
| 25:20 | robo_boro · first_building Siege Workshop |
| 25:33 | Heavenly Yours · age_up feudal |
| 25:50 | VL Formolin · first_building Castle |
| 27:33 | robo_boro · first_market_buy 100 stone |
| 27:40 | robo_boro · first_building Castle |
| 27:50 | Heavenly Yours · wall_segment Stone Wall x1 |
| 28:44 | Heavenly Yours · first_market_sell 100 food |
| 29:35 | VL LocoBarry · age_up castle |
| 29:36 | ElMagoIsBacK · first_building Monastery |
| 30:34 | ElMagoIsBacK · first_building Barracks |
| 30:46 | Heavenly Yours · first_market_buy 100 stone |
| 31:19 | TL_旋律 · first_building Castle |
| 31:37 | robo_boro · age_up imperial |
| 31:59 | Heavenly Yours · age_up castle |
| 33:23 | 半半年没打了 · first_building Castle |
| 33:53 | ElMagoIsBacK · age_up imperial |
| 34:01 | VL Carlos Manzo · resign |
[ AI ANALYSIS · 1 CREDIT ]
What really happened in this match?
Wolo.gg analyzes every decision: build order, eco, micro, common mistakes by bracket. Personalized analysis on WhatsApp or Discord in 30 seconds.
Civ guide
Armenians
Map guide
Nomad
Perfil
Jugador #211321